 Dungeon Crawl Stone Soup version 0.32-a0-675-gdc239d62e1 (webtiles) character file.

Game seed: 5272897605785198424

7 Implojin the Sneak (level 2, -1/24 HPs)
             Began as a Coglin Delver on Mar 12, 2024.
             Incinerated by a bombardier beetle (5 damage)
             ... with a burning spray
             ... on level 3 of the Dungeon.
             The game lasted 00:02:19 (272 turns).

Implojin the Sneak (Coglin Delver)                   Turns: 272, Time: 00:02:19

Health: -1/24      AC:  3    Str: 12    XL:     2   Next: 4%
Magic:  11/11      EV:  9    Int:  9    God:
Gold:   11         SH: 13    Dex: 19    Spells: 1/1 levels left

rFire   . . .        a - +0 short sword {Manelesi}
rCold   . . .        d - +5 kite shield of the Kappa {MP+9 Dex+4}
rNeg    . . .        b - +0 leather armour
rPois   .            (no helmet)
rElec   .            (no cloak)
rCorr   .            (no gloves)
SInv    .            (no boots)
Will    .....        (amulet unavailable)
Stlth   +            (ring unavailable)
HPRegen 0.24/turn    (ring unavailable)
MPRegen 0.12/turn    (no gizmo)

%: no passive effects
@: on fire, glowing, revved
A: off-hand wielding, slow wielding, warmup strikes, no jewellery
a: Invent Gizmo


You were on level 3 of the Dungeon.
You visited 1 branch of the dungeon, and saw 4 of its levels.

You collected 11 gold pieces.

Inventory:

Hand Weapons
 a - a +0 short sword (weapon) {Manelesi}
 h - a +0 dagger {Qiang}
Armour
 b - a +0 leather armour (worn)
 d - the +5 kite shield of the Kappa (worn) {MP+9 Dex+4}
   (You found it on level 3 of the Dungeon)

   Dex+4:     It affects your dexterity (+4).
   MP+9:      It affects your magic capacity (+9).
Wands
 g - a wand of digging (3)
Scrolls
 c - a scroll of fog


   Skills:
 - Level 3.0 Fighting
 * Level 2.4 Short Blades
 - Level 1.7 Dodging
 - Level 4.1 Stealth


You had one spell level left.
You didn't know any spells.
Your spell library was empty.

Dungeon Overview and Level Annotations

Branches:
Dungeon (5/15)
 Temple: D:4-7

Altars:

Annotations:
D:2 Robin
D:3 3 runed translucent doors, mitch45678's ghost, amateur CoFi
D:5 exclusion: scorpion


Innate Abilities, Weirdness & Mutations

You can wield a second weapon in your off-hand.
It takes a long time for you to wield or remove held weapons.
Your first few attacks do less damage.
You cannot equip rings or amulets.


Message History

You hit the bombardier beetle.
The bombardier beetle is heavily wounded.
The liquid fire burns you!
* * * LOW HITPOINT WARNING * * *
You block the bombardier beetle's attack.
You barely miss the bombardier beetle.
The bombardier beetle is heavily wounded.
The liquid fire burns you!
* * * LOW HITPOINT WARNING * * *
You shake off some of the fire as you move.
The liquid fire burns you!
* * * LOW HITPOINT WARNING * * *
You block the bombardier beetle's attack.
You shake off the liquid fire.
You block the bombardier beetle's attack.
You hit the bombardier beetle but do no damage.
The bombardier beetle is heavily wounded.
You barely miss the bombardier beetle.
The bombardier beetle is heavily wounded.
The bombardier beetle closely misses you.
You hit the bombardier beetle but do no damage.
The bombardier beetle is heavily wounded.
You hit the bombardier beetle but do no damage.
The bombardier beetle is heavily wounded.
The bombardier beetle sprays incendiary fluid at you.
The burning spray hits you.
You are covered in liquid fire!
A ribbon worm comes into view.
Found a stone staircase leading down.
You shake off some of the fire as you move.
The liquid fire burns you!
* * * LOW HITPOINT WARNING * * *
The ribbon worm expels a string of sticky webbing.
The stream of webbing hits you but does no damage.
You are caught in a web!
There is a web here.
Unknown command.
The web tears apart.
The liquid fire burns you!
You die...

# #.##.##
#.##.#...# # ... .
#......# .# ..## #.
#.# .# #. ...
#.####.##.# #. #..
#.........# #> ..##
.......#### #.#...#
####.### #w...#
......# ##@.#
#.....# ##.B##
#.....########....#
#........†.......##
#...))########..##
#....<# #.##
###..## ###
###..### .......#


You could see a ribbon worm (catching breath) and a bombardier beetle.

Vanquished Creatures
  An orc (D:5)
  2 goblins (D:3)
  2 hobgoblins
5 creatures vanquished.

Notes
Turn   | Place    | Note
-------+----------+-------------------------------------------
     0 | D:5      | Implojin the Coglin Delver began the quest for the Orb.
     0 | D:5      | Reached XP level 1. HP: 18/18 MP: 1/1
    23 | D:5      | Noticed a scorpion
    47 | D:5      | Noticed a scorpion
    70 | D:4      | Noticed an iguana
    84 | D:3      | Found a runed translucent gate.
    85 | D:3      | Found a runed translucent gate.
    85 | D:3      | Found a runed translucent gate.
    85 | D:3      | Noticed mitch45678's ghost (amateur CoFi)
   102 | D:3      | Identified the +5 kite shield of the Kappa {MP+9 Dex+4}
   226 | D:2      | Noticed Robin
   238 | D:3      | Reached XP level 2. HP: 21/24 MP: 2/2
   251 | D:3      | Noticed a bombardier beetle
   272 | D:3      | Incinerated by a bombardier beetle

Illustrated notes

Levels and vault maps discovered:
D:2:      layout_basic, uniq_robin, uniq_jessica
D:3:      layout_loops_ring, ebering_ghost_rock_garden,
          hangedman_abyss_or_decor_stabs, nicolae_figureground_pulse
D:4:      layout_loops_ring, kiku_gazebo_garden_becter
D:5:      layout_gridville, portal_sewer_entry_e, gammafunk_ghost_smash,
          minmay_crossroads, uniq_blork_the_orc, uniq_pikel

Skill      XL: |  1 |
---------------+----+-----
Short Blades   | 2 |  2.4
Fighting       | |  3.0
Dodging        | |  1.7
Stealth        | |  4.1

Action                     || total
---------------------------++-------
  Melee: Short sword       ||    25
         Dagger            ||     3
    Use: Scroll            ||     3
         Potion            ||     1
   Stab: Sleeping          ||     1
 Armour: Leather armour    ||     6
  Dodge: Dodged            ||     4
  Block: Kite shield       ||    13

Table legend: (Time is in decaauts)
 A = Elapsed time spent in this place.
 B = Non-inter-level travel time spent in this place.
 C = Inter-level travel time spent in this place.
 D = Time resting spent in this place.
 E = Time spent auto-exploring this place.
 F = Levels seen in this place.
 G = Mean time per level.
                   A        B        C        D        E       F      G
               +--------+--------+--------+--------+--------+-----+--------+
         Total |    254 |    254 |      0 |     78 |      0 |   4 |   63.5 |
       Dungeon |    254 |    254 |      0 |     78 |      0 |   4 |   63.5 |
               +--------+--------+--------+--------+--------+-----+--------+

Top non-repeatable levels by time:
     D:3: 173 daAuts
     D:5: 69 daAuts
     D:4: 6 daAuts
     D:2: 3 daAuts
